Panthers vs Ducks

Created - December 10, 2015 at 18:54

Goals
1 2 3 OT1 SO T
Panthers 1 0 0 0 1 2
Ducks 1 0 0 0 0 1
Shots
1 2 3 OT1 SO T
Panthers 10 15 8 2 3 35
Ducks 9 7 3 2 3 21

1st period

1. Ducks , Wayne Simmonds 16 (Roman Polak) at 9:07
2. Panthers , Pavel Datsyuk 20 (Vladimir Tarasenko, Danny DeKeyser) at 14:40 (PP)

Penalties :
Willie Mitchell (ANA) for Interference (Minor) at 2:25, Adam Lowry (ANA) for Hooking (Minor) at 9:26, Dave Bolland (ANA) for Roughing (Minor) at 12:43

2nd period

No Goal

Penalties :
John Klingberg (ANA) for Hooking (Minor) at 4:15, Blake Wheeler (FLA) for Roughing (Minor) at 4:15, Brandon Dubinsky (ANA) for Roughing (Minor) at 11:25

3rd period

No Goal

Penalties :
Boone Jenner (ANA) for Hooking (Minor) at 2:47, Roman Polak (ANA) for Hooking (Minor) at 4:50, John Klingberg (ANA) for Tripping (Minor) at 11:46, Ben Chiarot (ANA) for Holding (Minor) at 16:51

Overtime #1

No Goal

Penalties :
No Penalty

Shootout

Penalty Shot by Vladimir Tarasenko for Panthers - Goal!
Penalty Shot by Boone Jenner for Ducks - Stopped by Michael Hutchinson
Penalty Shot by Patrick Kane for Panthers - Shot Misses the Net
Penalty Shot by Wayne Simmonds for Ducks - Shot Misses the Net
Penalty Shot by Pavel Datsyuk for Panthers - Shot Misses the Net
Penalty Shot by Jarome Iginla for Ducks - Shot Misses the Net

Penalties :
No Penalty

Goalie Stats

Michael Hutchinson (FLA), 20 saves from 21 shots - (0.952), W, 6-5-1, 65:00 minutes
Craig Anderson (ANA), 34 saves from 35 shots - (0.971), OTL, 12-7-5, 65:00 minutes

Players Stats for Panthers

Player Name              G  A  P  +/- PIM S  H  SB GA TA FO     MP     PP MP  PK MP  
------------------------------------------------------------------------------------
Blake Wheeler            0  0  0  -1  2   1  2  0  0  0  1/1    21:45   7:52   0:00 
Danny DeKeyser           0  1  1   0  0   1  0  2  0  0  0/0    25:30   7:11   0:00 
Eric Nystrom             0  0  0   0  0   0  0  0  0  0  0/1     7:20   0:00   0:00 
Henrik Zetterberg        0  0  0   0  0   1  1  0  0  0  1/2    19:58   7:58   0:00 
Jeff Petry               0  0  0   0  0   1  1  0  0  0  0/0    20:09   6:22   0:00 
Jori Lehtera             0  0  0   0  0   2  2  0  0  0  12/28  20:47   7:03   0:00 
Justin Braun             0  0  0  -1  0   0  3  0  0  0  0/0    25:43   8:39   0:00 
Marc Staal               0  0  0   0  0   2  1  0  0  0  0/0    18:13   0:49   0:00 
Martin St. Louis         0  0  0   0  0   2  0  0  0  0  1/1     9:56   0:00   0:00 
Nathan MacKinnon         0  0  0  -1  0   1  0  0  0  0  8/16   12:55   0:00   0:00 
Patrick Kane             0  0  0  -1  0   7  2  0  0  0  2/4    23:58   7:52   0:00 
Pavel Datsyuk            1  0  1   0  0   6  3  0  0  0  13/22  21:50   7:58   0:00 
Pierre-Edouard Bellemare 0  0  0   0  0   1  0  0  0  0  0/0     7:20   0:00   0:00 
Riley Nash               0  0  0   0  0   0  0  0  0  0  2/3     8:09   0:49   0:00 
Ron Hainsey              0  0  0   0  0   0  0  0  0  0  0/0    13:47   0:00   0:00 
T.J. Brodie              0  0  0  -1  0   3  0  1  0  0  0/0    26:38   8:39   0:00 
Tomas Hertl              0  0  0   0  0   2  0  0  0  0  0/0     9:56   0:00   0:00 
Vladimir Tarasenko       0  1  1   0  0   5  1  0  0  0  0/0    24:06   7:58   0:00 

Players Stats for Ducks

Player Name              G  A  P  +/- PIM S  H  SB GA TA FO     MP     PP MP  PK MP  
------------------------------------------------------------------------------------
Adam Lowry               0  0  0   0  2   1  1  0  0  0  1/2     9:39   0:00   7:42 
Alec Martinez            0  0  0   1  0   0  1  0  0  0  0/0    19:14   0:00   0:25 
Anton Lander             0  0  0   1  0   2  0  0  0  0  0/3    16:27   0:00   1:38 
Ben Chiarot              0  0  0   0  2   0  1  2  0  0  0/0    19:40   0:00   8:26 
Boone Jenner             0  0  0   0  2   1  1  0  0  0  1/3    15:49   0:00   0:00 
Brandon Dubinsky         0  0  0   0  2   3  3  0  0  0  12/20  19:17   0:00   0:52 
Curtis Glencross         0  0  0   0  0   0  2  1  0  0  1/1    14:57   0:00   0:00 
Dave Bolland             0  0  0   1  2   1  1  0  0  0  9/14   18:15   0:00   5:25 
Dennis Seidenberg        0  0  0   0  0   1  4  2  0  0  0/0    19:48   0:00   9:16 
Jarome Iginla            0  0  0   0  0   2  0  0  0  0  2/2    16:48   0:00   0:00 
John Klingberg           0  0  0   0  4   2  1  0  0  0  0/0    21:16   0:00   2:12 
John Scott               0  0  0   0  0   0  0  0  0  0  0/0     0:00   0:00   0:00 
Jordan Staal             0  0  0   0  0   0  1  0  0  0  4/12   14:04   0:00   0:00 
Mark Scheifele           0  0  0   0  0   2  1  0  0  0  2/3    19:46   0:00   7:16 
Paul Gaustad             0  0  0   0  0   0  2  0  0  0  6/18   10:45   0:00   8:47 
Roman Polak              0  1  1   1  2   0  4  3  0  0  0/0    24:48   0:00   6:00 
Wayne Simmonds           1  0  1   1  0   5  2  0  0  0  0/0    16:20   0:00   0:00 
Willie Mitchell          0  0  0   0  2   1  2  0  0  0  0/0    25:09   0:00   5:21 

3 Stars

1 - Craig Anderson (ANA)
2 - Michael Hutchinson (FLA)
3 - Wayne Simmonds (ANA)

Power Play

Panthers - 1 on 8 Attempt(s) - 12.50%
Ducks - 0 on 0 Attempt(s) - 0.00%

Penalty Kill

Panthers - 0 on 0 Attempt(s) - 0.00% - Score 0 goal in Penalty Kill
Ducks - 7 on 8 Attempt(s) - 87.50% - Score 0 goal in Penalty Kill

Team Stat

Panthers - Hits : 16 - Faceoff Wins : 40 - Blocked Shots : 3 - Penalty Minutes : 2
Ducks - Hits : 27 - Faceoff Wins : 38 - Blocked Shots : 8 - Penalty Minutes : 18

Official

Referees : Eric Furlatt and Brian Pochmara
Linesman : Ryan Galloway and Brian Murphy

Game Notes

No Game Note

Finance

Level 1 -- Attendance: 5809 (89.37%) -- Ticket Income $638,990
Level 2 -- Attendance: 5000 (100.00%) -- Ticket Income $375,000
Level 3 -- Attendance: 2600 (100.00%) -- Ticket Income $145,600
Level 4 -- Attendance: 2074 (100.00%) -- Ticket Income $82,960
Luxury Box -- Attendance: 1000 (100.00%) -- Ticket Income $199,000
Game was played at the Honda Center.
Total Attendance: 16483 (95.98%)
Total Ticket Income: $1,441,550
Other Income: $216,232
Total Income: $1,657,782

% Time on Ice - Panthers

Lines # - Real PCT - Wanted PCT - Time Play
Normal Forward
1 - 31% - 37% - 12:55
2 - 28% - 35% - 12:00
3 - 24% - 22% - 9:56
4 - 17% - 6% - 7:20
Normal Defense
1 - 33% - 41% - 14:02
2 - 34% - 39% - 14:22
3 - 33% - 20% - 13:47
4 - 0% - 0% - 0:00
PP Forward
1 - 50% - 50% - 7:52
2 - 50% - 50% - 7:58
PP Defense
1 - 55% - 55% - 8:39
2 - 45% - 45% - 7:11
PK Forward
1 - 0% - 60%
2 - 0% - 40%
PK Defense
1 - 0% - 60%
2 - 0% - 40%
PK3 Forward
1 - 0% - 60%
2 - 0% - 40%
PK3 Defense
1 - 0% - 60%
2 - 0% - 40%
44 Forward
1 - 73% - 60% - 5:07
2 - 27% - 40% - 1:52
44 Defense
1 - 57% - 60% - 3:57
2 - 43% - 40% - 3:02
Last Minute Offensive  - 0:00
Last Minute Defensive  - 0:00
Total
Forward - 65:00
Defense - 65:00

% Time on Ice - Ducks

Lines # - Real PCT - Wanted PCT - Time Play
Normal Forward
1 - 35% - 31% - 14:57
2 - 29% - 31% - 12:25
3 - 30% - 31% - 12:51
4 - 5% - 7% - 1:58
Normal Defense
1 - 40% - 37% - 16:42
2 - 35% - 35% - 14:57
3 - 25% - 28% - 10:32
4 - 0% - 0% - 0:00
PP Forward
1 - 0% - 58%
2 - 0% - 42%
PP Defense
1 - 0% - 59%
2 - 0% - 41%
PK Forward
1 - 61% - 58% - 9:39
2 - 39% - 42% - 6:11
PK Defense
1 - 41% - 59% - 6:34
2 - 59% - 41% - 9:16
PK3 Forward
1 - 0% - 52%
2 - 0% - 48%
PK3 Defense
1 - 0% - 59%
2 - 0% - 41%
44 Forward
1 - 51% - 56% - 3:34
2 - 49% - 44% - 3:25
44 Defense
1 - 45% - 52% - 3:07
2 - 55% - 48% - 3:52
Last Minute Offensive  - 0:00
Last Minute Defensive  - 0:00
Total
Forward - 65:00
Defense - 65:00

Play by Play

1st period


0:01 of 1st period - Nathan MacKinnon wins face-off versus Brandon Dubinsky in neutral zone.
0:24 of 1st period - Icing by Justin Braun.
0:25 of 1st period - Mark Scheifele wins face-off versus Nathan MacKinnon in Panthers zone.
1:52 of 1st period - Anton Lander is hit by Marc Staal and loses puck.
1:59 of 1st period - Shot by Dave Bolland.
1:59 of 1st period - Shot Misses the Net.
2:01 of 1st period - Shot by Dave Bolland.
2:01 of 1st period - Stopped by Michael Hutchinson without a rebound.
2:02 of 1st period - Jori Lehtera wins face-off versus Brandon Dubinsky in Panthers zone.
2:02 of 1st period - Ron Hainsey is hit by Curtis Glencross and loses puck.
2:18 of 1st period - Tomas Hertl is hit by Willie Mitchell and loses puck.
2:25 of 1st period - Shot by Jori Lehtera.
2:25 of 1st period - Stopped by Craig Anderson without a rebound.
2:25 of 1st period - Minor Penalty to Willie Mitchell for Interference.
2:26 of 1st period - Jori Lehtera wins face-off versus Adam Lowry in Ducks zone.
2:31 of 1st period - Shot by Patrick Kane.
2:31 of 1st period - Stopped by Craig Anderson without a rebound.
2:32 of 1st period - Pavel Datsyuk wins face-off versus Paul Gaustad in Ducks zone.
3:01 of 1st period - Shot by Danny DeKeyser.
3:01 of 1st period - Shot Blocked by Roman Polak.
5:42 of 1st period - Shot by Henrik Zetterberg.
5:42 of 1st period - Stopped by Craig Anderson without a rebound.
5:43 of 1st period - Dave Bolland wins face-off versus Jori Lehtera in Ducks zone.
5:59 of 1st period - Jori Lehtera is hit by Roman Polak and loses puck.
6:06 of 1st period - Shot by Jori Lehtera.
6:06 of 1st period - Shot Misses the Net.
6:13 of 1st period - Icing by Dave Bolland.
6:14 of 1st period - Nathan MacKinnon wins face-off versus Anton Lander in Ducks zone.
6:36 of 1st period - Patrick Kane is hit by Alec Martinez and loses puck.
7:06 of 1st period - Icing by Nathan MacKinnon.
7:07 of 1st period - Brandon Dubinsky wins face-off versus Nathan MacKinnon in Panthers zone.
7:30 of 1st period - Shot by Jarome Iginla.
7:30 of 1st period - Stopped by Michael Hutchinson without a rebound.
7:31 of 1st period - Jordan Staal wins face-off versus Jori Lehtera in Panthers zone.
7:40 of 1st period - Shot by Boone Jenner.
7:40 of 1st period - Stopped by Michael Hutchinson without a rebound.
7:41 of 1st period - Jordan Staal wins face-off versus Pavel Datsyuk in Panthers zone.
7:42 of 1st period - Shot by Mark Scheifele.
7:42 of 1st period - Stopped by Michael Hutchinson without a rebound.
7:43 of 1st period - Dave Bolland wins face-off versus Pavel Datsyuk in Panthers zone.
7:55 of 1st period - Icing by Marc Staal.
7:56 of 1st period - Pavel Datsyuk wins face-off versus Mark Scheifele in Panthers zone.
8:26 of 1st period - Henrik Zetterberg is hit by Boone Jenner and loses puck.
9:07 of 1st period - Shot by Wayne Simmonds.
9:07 of 1st period - Goal by Wayne Simmonds - Panthers : 0 - Ducks : 1.
9:08 of 1st period - Jarome Iginla wins face-off versus Jori Lehtera in neutral zone.
9:13 of 1st period - Shot by Jarome Iginla.
9:13 of 1st period - Stopped by Michael Hutchinson without a rebound.
9:14 of 1st period - Jori Lehtera wins face-off versus Paul Gaustad in Panthers zone.
9:14 of 1st period - Jori Lehtera is hit by Paul Gaustad.
9:26 of 1st period - Minor Penalty to Adam Lowry for Hooking.
9:27 of 1st period - Paul Gaustad wins face-off versus Pavel Datsyuk in Ducks zone.
9:27 of 1st period - Paul Gaustad is hit by Henrik Zetterberg.
10:08 of 1st period - Shot by Danny DeKeyser.
10:08 of 1st period - Shot Hit the Post.
10:10 of 1st period - Shot by Pavel Datsyuk.
10:10 of 1st period - Shot Misses the Net.
10:12 of 1st period - Shot by Danny DeKeyser.
10:12 of 1st period - Shot Blocked by Roman Polak.
10:31 of 1st period - Shot by T.J. Brodie.
10:31 of 1st period - Stopped by Craig Anderson without a rebound.
10:32 of 1st period - Jori Lehtera wins face-off versus Anton Lander in Ducks zone.
11:07 of 1st period - Shot by Patrick Kane.
11:07 of 1st period - Deflect By Blake Wheeler.
11:07 of 1st period - Shot Blocked by Dennis Seidenberg.
11:09 of 1st period - Shot by T.J. Brodie.
11:09 of 1st period - Shot Blocked by Ben Chiarot.
11:11 of 1st period - Shot by Justin Braun.
11:11 of 1st period - Shot Misses the Net.
11:13 of 1st period - Shot by T.J. Brodie.
11:13 of 1st period - Shot Misses the Net.
12:32 of 1st period - Shot by Pavel Datsyuk.
12:32 of 1st period - Stopped by Craig Anderson with a rebound.
12:43 of 1st period - Minor Penalty to Dave Bolland for Roughing.
12:44 of 1st period - Paul Gaustad wins face-off versus Jori Lehtera in Ducks zone.
12:44 of 1st period - Paul Gaustad is hit by Blake Wheeler.
13:02 of 1st period - Icing by Blake Wheeler.
13:03 of 1st period - Mark Scheifele wins face-off versus Jori Lehtera in Panthers zone.
13:03 of 1st period - Anton Lander is hit by Justin Braun and loses puck.
13:50 of 1st period - Mark Scheifele is hit by Justin Braun.
13:54 of 1st period - Shot by Mark Scheifele.
13:54 of 1st period - Deflect By Anton Lander.
13:54 of 1st period - Stopped by Michael Hutchinson with a rebound.
13:56 of 1st period - Shot by Willie Mitchell.
13:56 of 1st period - Stopped by Michael Hutchinson without a rebound.
13:57 of 1st period - Pavel Datsyuk wins face-off versus Paul Gaustad in Panthers zone.
14:02 of 1st period - Henrik Zetterberg is hit by Paul Gaustad and loses puck.
14:24 of 1st period - Shot by Danny DeKeyser.
14:24 of 1st period - Stopped by Craig Anderson without a rebound.
14:25 of 1st period - Pavel Datsyuk wins face-off versus Paul Gaustad in Ducks zone.
14:38 of 1st period - Shot by Vladimir Tarasenko.
14:38 of 1st period - Shot Misses the Net.
14:40 of 1st period - Shot by Pavel Datsyuk.
14:40 of 1st period - Goal by Pavel Datsyuk - Panthers : 1 - Ducks : 1.
14:41 of 1st period - Dave Bolland wins face-off versus Riley Nash in neutral zone.
15:12 of 1st period - Shot by Anton Lander.
15:12 of 1st period - Deflect By Wayne Simmonds.
15:12 of 1st period - Stopped by Michael Hutchinson with a rebound.
15:49 of 1st period - Wayne Simmonds is hit by Blake Wheeler and loses puck.
16:04 of 1st period - Shot by Patrick Kane.
16:04 of 1st period - Shot Blocked by Curtis Glencross.
16:06 of 1st period - Shot by Marc Staal.
16:06 of 1st period - Shot Misses the Net.
16:08 of 1st period - Shot by Blake Wheeler.
16:08 of 1st period - Deflect By Patrick Kane.
16:08 of 1st period - Stopped by Craig Anderson without a rebound.
16:09 of 1st period - Pavel Datsyuk wins face-off versus Jordan Staal in Ducks zone.
16:17 of 1st period - Henrik Zetterberg is hit by Willie Mitchell and loses puck.
17:03 of 1st period - Icing by Willie Mitchell.
17:04 of 1st period - Nathan MacKinnon wins face-off versus Jordan Staal in Ducks zone.
17:07 of 1st period - Shot by Patrick Kane.
17:07 of 1st period - Stopped by Craig Anderson without a rebound.
17:08 of 1st period - Brandon Dubinsky wins face-off versus Nathan MacKinnon in Ducks zone.
17:10 of 1st period - Icing by Ben Chiarot.
17:11 of 1st period - Brandon Dubinsky wins face-off versus Nathan MacKinnon in Ducks zone.
17:17 of 1st period - Patrick Kane is hit by Dennis Seidenberg and loses puck.
17:22 of 1st period - Shot by Blake Wheeler.
17:22 of 1st period - Shot Misses the Net.
17:40 of 1st period - Shot by Patrick Kane.
17:40 of 1st period - Shot Misses the Net.
18:04 of 1st period - Ben Chiarot is hit by Patrick Kane and loses puck.
18:30 of 1st period - Icing by Wayne Simmonds.
18:31 of 1st period - Pavel Datsyuk wins face-off versus Dave Bolland in Ducks zone.
18:50 of 1st period - Shot by Vladimir Tarasenko.
18:50 of 1st period - Shot Misses the Net.
18:52 of 1st period - Shot by Vladimir Tarasenko.
18:52 of 1st period - Shot Misses the Net.
18:58 of 1st period - Shot by Vladimir Tarasenko.
18:58 of 1st period - Shot Misses the Net.
19:00 of 1st period - Shot by Jeff Petry.
19:00 of 1st period - Stopped by Craig Anderson without a rebound.
19:01 of 1st period - Jordan Staal wins face-off versus Jori Lehtera in Ducks zone.
19:24 of 1st period - Shot by Jordan Staal.
19:24 of 1st period - Deflect By Boone Jenner.
19:24 of 1st period - Shot Blocked by Danny DeKeyser.
19:30 of 1st period - Shot by Boone Jenner.
19:30 of 1st period - Shot Misses the Net.
Goals for this period are 1 for Panthers vs 1 for Ducks.
Shots for this period are 10 for Panthers vs 9 for Ducks.

2nd period


0:01 of 2nd period - Brandon Dubinsky wins face-off versus Nathan MacKinnon in neutral zone.
0:09 of 2nd period - Off-side.
0:10 of 2nd period - Pavel Datsyuk wins face-off versus Dave Bolland in neutral zone.
0:37 of 2nd period - Icing by John Klingberg.
0:38 of 2nd period - Dave Bolland wins face-off versus Nathan MacKinnon in Ducks zone.
2:00 of 2nd period - Jarome Iginla is hit by Pavel Datsyuk and loses puck.
2:09 of 2nd period - Shot by Vladimir Tarasenko.
2:09 of 2nd period - Shot Misses the Net.
2:11 of 2nd period - Shot by Vladimir Tarasenko.
2:11 of 2nd period - Shot Blocked by Ben Chiarot.
2:13 of 2nd period - Shot by Vladimir Tarasenko.
2:13 of 2nd period - Shot Misses the Net.
2:15 of 2nd period - Shot by T.J. Brodie.
2:15 of 2nd period - Shot Misses the Net.
2:31 of 2nd period - Shot by Tomas Hertl.
2:31 of 2nd period - Stopped by Craig Anderson without a rebound.
2:32 of 2nd period - Riley Nash wins face-off versus Jordan Staal in Ducks zone.
3:03 of 2nd period - Jeff Petry is hit by Mark Scheifele and loses puck.
3:37 of 2nd period - Danny DeKeyser is hit by Brandon Dubinsky and loses puck.
3:45 of 2nd period - Off-side.
3:46 of 2nd period - Henrik Zetterberg wins face-off versus Brandon Dubinsky in neutral zone.
4:06 of 2nd period - Shot by Vladimir Tarasenko.
4:06 of 2nd period - Stopped by Craig Anderson with a rebound.
4:08 of 2nd period - Shot by Henrik Zetterberg.
4:08 of 2nd period - Deflect By Vladimir Tarasenko.
4:08 of 2nd period - Shot Hit the Post.
4:10 of 2nd period - Shot by T.J. Brodie.
4:10 of 2nd period - Stopped by Craig Anderson without a rebound.
4:11 of 2nd period - Patrick Kane wins face-off versus Paul Gaustad in Ducks zone.
4:15 of 2nd period - Minor Penalty to John Klingberg for Hooking.
4:15 of 2nd period - Minor Penalty to Blake Wheeler for Roughing.
4:16 of 2nd period - Brandon Dubinsky wins face-off versus Jori Lehtera in Ducks zone.
4:27 of 2nd period - Willie Mitchell is hit by Vladimir Tarasenko and loses puck.
4:41 of 2nd period - Ben Chiarot is hit by Jori Lehtera and loses puck.
5:01 of 2nd period - Icing by Danny DeKeyser.
5:02 of 2nd period - Jori Lehtera wins face-off versus Boone Jenner in Panthers zone.
6:19 of 2nd period - Shot by Dave Bolland.
6:19 of 2nd period - Shot Misses the Net.
6:21 of 2nd period - Shot by John Klingberg.
6:21 of 2nd period - Stopped by Michael Hutchinson with a rebound.
6:29 of 2nd period - Shot by Anton Lander.
6:29 of 2nd period - Shot Misses the Net.
6:54 of 2nd period - Shot by Wayne Simmonds.
6:54 of 2nd period - Stopped by Michael Hutchinson with a rebound.
6:56 of 2nd period - Shot by John Klingberg.
6:56 of 2nd period - Stopped by Michael Hutchinson with a rebound.
6:58 of 2nd period - Shot by Willie Mitchell.
6:58 of 2nd period - Deflect By Anton Lander.
6:58 of 2nd period - Stopped by Michael Hutchinson with a rebound.
7:09 of 2nd period - Ron Hainsey is hit by Dennis Seidenberg and loses puck.
7:13 of 2nd period - Icing by Ben Chiarot.
7:14 of 2nd period - Brandon Dubinsky wins face-off versus Jori Lehtera in Ducks zone.
7:35 of 2nd period - Shot by Ben Chiarot.
7:35 of 2nd period - Shot Blocked by T.J. Brodie.
8:05 of 2nd period - Brandon Dubinsky is hit by Patrick Kane and loses puck.
8:16 of 2nd period - Shot by Nathan MacKinnon.
8:16 of 2nd period - Stopped by Craig Anderson with a rebound.
8:30 of 2nd period - Shot by Nathan MacKinnon.
8:30 of 2nd period - Shot Misses the Net.
8:32 of 2nd period - Shot by Marc Staal.
8:32 of 2nd period - Deflect By Nathan MacKinnon.
8:32 of 2nd period - Shot Blocked by Dennis Seidenberg.
8:34 of 2nd period - Shot by Marc Staal.
8:34 of 2nd period - Deflect By Patrick Kane.
8:34 of 2nd period - Stopped by Craig Anderson with a rebound.
8:36 of 2nd period - Shot by Danny DeKeyser.
8:36 of 2nd period - Deflect By Patrick Kane.
8:36 of 2nd period - Stopped by Craig Anderson without a rebound.
8:37 of 2nd period - Pavel Datsyuk wins face-off versus Anton Lander in Ducks zone.
8:37 of 2nd period - Pavel Datsyuk is hit by Roman Polak.
8:53 of 2nd period - Shot by Pavel Datsyuk.
8:53 of 2nd period - Shot Misses the Net.
8:55 of 2nd period - Shot by Vladimir Tarasenko.
8:55 of 2nd period - Shot Misses the Net.
9:11 of 2nd period - Shot by Henrik Zetterberg.
9:11 of 2nd period - Shot Misses the Net.
9:13 of 2nd period - Shot by Pavel Datsyuk.
9:13 of 2nd period - Stopped by Craig Anderson with a rebound.
9:43 of 2nd period - Shot by Justin Braun.
9:43 of 2nd period - Shot Blocked by Roman Polak.
10:07 of 2nd period - Shot by Tomas Hertl.
10:07 of 2nd period - Stopped by Craig Anderson without a rebound.
10:08 of 2nd period - Blake Wheeler wins face-off versus Jordan Staal in Ducks zone.
11:18 of 2nd period - Icing by Ron Hainsey.
11:19 of 2nd period - Curtis Glencross wins face-off versus Pavel Datsyuk in Panthers zone.
11:25 of 2nd period - Minor Penalty to Brandon Dubinsky for Roughing.
11:26 of 2nd period - Paul Gaustad wins face-off versus Pavel Datsyuk in Ducks zone.
11:26 of 2nd period - Paul Gaustad is hit by Pavel Datsyuk.
12:39 of 2nd period - Icing by Danny DeKeyser.
12:40 of 2nd period - Jori Lehtera wins face-off versus Paul Gaustad in Panthers zone.
13:15 of 2nd period - Mark Scheifele is hit by Pavel Datsyuk and loses puck.
13:24 of 2nd period - Justin Braun is hit by Dave Bolland and loses puck.
13:28 of 2nd period - Icing by Justin Braun.
13:29 of 2nd period - Jarome Iginla wins face-off versus Eric Nystrom in Panthers zone.
13:36 of 2nd period - Shot by Brandon Dubinsky.
13:36 of 2nd period - Stopped by Michael Hutchinson without a rebound.
13:37 of 2nd period - Riley Nash wins face-off versus Brandon Dubinsky in Panthers zone.
14:10 of 2nd period - Shot by Brandon Dubinsky.
14:10 of 2nd period - Stopped by Michael Hutchinson without a rebound.
14:11 of 2nd period - Nathan MacKinnon wins face-off versus Paul Gaustad in Panthers zone.
14:32 of 2nd period - Shot by Adam Lowry.
14:32 of 2nd period - Shot Misses the Net.
14:44 of 2nd period - Shot by Paul Gaustad.
14:44 of 2nd period - Shot Misses the Net.
15:19 of 2nd period - Icing by Ron Hainsey.
15:20 of 2nd period - Brandon Dubinsky wins face-off versus Pavel Datsyuk in Panthers zone.
15:41 of 2nd period - Ron Hainsey is hit by Brandon Dubinsky.
15:46 of 2nd period - Henrik Zetterberg is hit by Roman Polak.
15:49 of 2nd period - Icing by Alec Martinez.
15:50 of 2nd period - Brandon Dubinsky wins face-off versus Jori Lehtera in Ducks zone.
16:01 of 2nd period - Shot by Martin St. Louis.
16:01 of 2nd period - Stopped by Craig Anderson with a rebound.
16:03 of 2nd period - Shot by Martin St. Louis.
16:03 of 2nd period - Shot Misses the Net.
16:08 of 2nd period - Icing by Brandon Dubinsky.
16:09 of 2nd period - Pavel Datsyuk wins face-off versus Brandon Dubinsky in Ducks zone.
16:24 of 2nd period - Shot by Henrik Zetterberg.
16:24 of 2nd period - Shot Misses the Net.
16:26 of 2nd period - Shot by Vladimir Tarasenko.
16:26 of 2nd period - Stopped by Craig Anderson with a rebound.
16:28 of 2nd period - Shot by Pavel Datsyuk.
16:28 of 2nd period - Stopped by Craig Anderson without a rebound.
16:29 of 2nd period - Nathan MacKinnon wins face-off versus Jordan Staal in Ducks zone.
16:30 of 2nd period - Shot by Patrick Kane.
16:30 of 2nd period - Shot Misses the Net.
17:06 of 2nd period - Shot by Boone Jenner.
17:06 of 2nd period - Shot Misses the Net.
17:14 of 2nd period - Shot by Boone Jenner.
17:14 of 2nd period - Shot Misses the Net.
17:21 of 2nd period - Icing by Patrick Kane.
17:22 of 2nd period - Dave Bolland wins face-off versus Nathan MacKinnon in Panthers zone.
18:01 of 2nd period - Shot by Wayne Simmonds.
18:01 of 2nd period - Stopped by Michael Hutchinson without a rebound.
18:02 of 2nd period - Pavel Datsyuk wins face-off versus Brandon Dubinsky in Panthers zone.
18:25 of 2nd period - Shot by Vladimir Tarasenko.
18:25 of 2nd period - Stopped by Craig Anderson without a rebound.
18:26 of 2nd period - Jori Lehtera wins face-off versus Jordan Staal in Ducks zone.
18:29 of 2nd period - Shot by Martin St. Louis.
18:29 of 2nd period - Stopped by Craig Anderson with a rebound.
18:50 of 2nd period - Icing by Ron Hainsey.
18:51 of 2nd period - Dave Bolland wins face-off versus Jori Lehtera in Panthers zone.
18:57 of 2nd period - Icing by Ron Hainsey.
18:58 of 2nd period - Martin St. Louis wins face-off versus Dave Bolland in Panthers zone.
19:56 of 2nd period - Shot by Vladimir Tarasenko.
19:56 of 2nd period - Deflect By Pavel Datsyuk.
19:56 of 2nd period - Stopped by Craig Anderson with a rebound.
19:58 of 2nd period - Shot by T.J. Brodie.
19:58 of 2nd period - Stopped by Craig Anderson without a rebound.
19:59 of 2nd period - Nathan MacKinnon wins face-off versus Jordan Staal in Ducks zone.
Goals for this period are 0 for Panthers vs 0 for Ducks.
Shots for this period are 15 for Panthers vs 7 for Ducks.

3rd period


0:01 of 3rd period - Boone Jenner wins face-off versus Nathan MacKinnon in neutral zone.
0:04 of 3rd period - Justin Braun is hit by Jordan Staal and loses puck.
1:16 of 3rd period - Vladimir Tarasenko is hit by Curtis Glencross and loses puck.
1:22 of 3rd period - Danny DeKeyser is hit by Dennis Seidenberg and loses puck.
1:35 of 3rd period - Shot by Vladimir Tarasenko.
1:35 of 3rd period - Stopped by Craig Anderson without a rebound.
1:36 of 3rd period - Dave Bolland wins face-off versus Jori Lehtera in Ducks zone.
1:43 of 3rd period - Shot by Dave Bolland.
1:43 of 3rd period - Shot Misses the Net.
1:54 of 3rd period - Ron Hainsey is hit by John Klingberg and loses puck.
1:59 of 3rd period - Shot by Tomas Hertl.
1:59 of 3rd period - Deflect By Martin St. Louis.
1:59 of 3rd period - Shot Misses the Net.
2:01 of 3rd period - Shot by Tomas Hertl.
2:01 of 3rd period - Shot Misses the Net.
2:44 of 3rd period - Shot by Pierre-Edouard Bellemare.
2:44 of 3rd period - Shot Misses the Net.
2:47 of 3rd period - Minor Penalty to Boone Jenner for Hooking.
2:48 of 3rd period - Adam Lowry wins face-off versus Pavel Datsyuk in Ducks zone.
2:57 of 3rd period - Shot by Dennis Seidenberg.
2:57 of 3rd period - Stopped by Michael Hutchinson with a rebound.
3:34 of 3rd period - Off-side.
3:35 of 3rd period - Paul Gaustad wins face-off versus Jori Lehtera in neutral zone.
3:59 of 3rd period - Off-side.
4:00 of 3rd period - Pavel Datsyuk wins face-off versus Paul Gaustad in neutral zone.
4:45 of 3rd period - Shot by Adam Lowry.
4:45 of 3rd period - Stopped by Michael Hutchinson with a rebound.
4:50 of 3rd period - Minor Penalty to Roman Polak for Hooking.
4:51 of 3rd period - Jori Lehtera wins face-off versus Paul Gaustad in Ducks zone.
5:04 of 3rd period - Shot by Blake Wheeler.
5:04 of 3rd period - Stopped by Craig Anderson without a rebound.
5:05 of 3rd period - Dave Bolland wins face-off versus Jori Lehtera in Ducks zone.
5:19 of 3rd period - Shot by Paul Gaustad.
5:19 of 3rd period - Shot Blocked by Danny DeKeyser.
6:13 of 3rd period - Pavel Datsyuk is hit by Dennis Seidenberg and loses puck.
6:31 of 3rd period - Vladimir Tarasenko is hit by Ben Chiarot and loses puck.
7:02 of 3rd period - Shot by Pierre-Edouard Bellemare.
7:02 of 3rd period - Stopped by Craig Anderson with a rebound.
7:04 of 3rd period - Shot by Marc Staal.
7:04 of 3rd period - Stopped by Craig Anderson with a rebound.
7:07 of 3rd period - Riley Nash is hit by Roman Polak and loses puck.
8:58 of 3rd period - Icing by Blake Wheeler.
8:59 of 3rd period - Nathan MacKinnon wins face-off versus Jordan Staal in Panthers zone.
9:27 of 3rd period - Shot by Jordan Staal.
9:27 of 3rd period - Shot Misses the Net.
9:58 of 3rd period - Icing by John Klingberg.
9:59 of 3rd period - Jori Lehtera wins face-off versus Dave Bolland in Ducks zone.
10:18 of 3rd period - Shot by Jori Lehtera.
10:18 of 3rd period - Stopped by Craig Anderson with a rebound.
10:55 of 3rd period - Brandon Dubinsky is hit by Jeff Petry and loses puck.
11:36 of 3rd period - Shot by Mark Scheifele.
11:36 of 3rd period - Stopped by Michael Hutchinson without a rebound.
11:37 of 3rd period - Pavel Datsyuk wins face-off versus Paul Gaustad in Panthers zone.
11:37 of 3rd period - Pavel Datsyuk is hit by Adam Lowry.
11:46 of 3rd period - Minor Penalty to John Klingberg for Tripping.
11:47 of 3rd period - Paul Gaustad wins face-off versus Henrik Zetterberg in Ducks zone.
12:00 of 3rd period - Shot by Pavel Datsyuk.
12:00 of 3rd period - Stopped by Craig Anderson with a rebound.
12:59 of 3rd period - Shot by Marc Staal.
12:59 of 3rd period - Stopped by Craig Anderson with a rebound.
14:30 of 3rd period - Icing by John Klingberg.
14:31 of 3rd period - Brandon Dubinsky wins face-off versus Jori Lehtera in Ducks zone.
14:31 of 3rd period - Brandon Dubinsky is hit by Jori Lehtera.
14:59 of 3rd period - Mark Scheifele is hit by Justin Braun and loses puck.
16:05 of 3rd period - Off-side.
16:06 of 3rd period - Nathan MacKinnon wins face-off versus Dave Bolland in neutral zone.
16:08 of 3rd period - Patrick Kane is hit by Wayne Simmonds and loses puck.
16:48 of 3rd period - Shot by Nathan MacKinnon.
16:48 of 3rd period - Shot Misses the Net.
16:51 of 3rd period - Minor Penalty to Ben Chiarot for Holding.
16:52 of 3rd period - Pavel Datsyuk wins face-off versus Paul Gaustad in Ducks zone.
17:06 of 3rd period - Icing by Justin Braun.
17:07 of 3rd period - Paul Gaustad wins face-off versus Pavel Datsyuk in Panthers zone.
18:03 of 3rd period - Shot by Patrick Kane.
18:03 of 3rd period - Stopped by Craig Anderson without a rebound.
18:04 of 3rd period - Dave Bolland wins face-off versus Jori Lehtera in Ducks zone.
18:32 of 3rd period - Icing by Blake Wheeler.
18:33 of 3rd period - Jori Lehtera wins face-off versus Paul Gaustad in Panthers zone.
19:34 of 3rd period - Shot by Riley Nash.
19:34 of 3rd period - Shot Misses the Net.
Goals for this period are 0 for Panthers vs 0 for Ducks.
Shots for this period are 8 for Panthers vs 3 for Ducks.

Overtime #1


0:01 of 1st overtime period - Brandon Dubinsky wins face-off versus Jori Lehtera in neutral zone.
0:04 of 1st overtime period - Danny DeKeyser is hit by Wayne Simmonds and loses puck.
0:24 of 1st overtime period - Shot by Brandon Dubinsky.
0:24 of 1st overtime period - Deflect By Wayne Simmonds.
0:24 of 1st overtime period - Stopped by Michael Hutchinson without a rebound.
0:25 of 1st overtime period - Jori Lehtera wins face-off versus Brandon Dubinsky in Panthers zone.
1:07 of 1st overtime period - Icing by Roman Polak.
1:08 of 1st overtime period - Brandon Dubinsky wins face-off versus Pavel Datsyuk in Ducks zone.
2:29 of 1st overtime period - Shot by Brandon Dubinsky.
2:29 of 1st overtime period - Shot Misses the Net.
2:31 of 1st overtime period - Shot by Brandon Dubinsky.
2:31 of 1st overtime period - Stopped by Michael Hutchinson without a rebound.
2:32 of 1st overtime period - Jordan Staal wins face-off versus Patrick Kane in Panthers zone.
2:36 of 1st overtime period - Icing by Danny DeKeyser.
2:37 of 1st overtime period - Patrick Kane wins face-off versus Brandon Dubinsky in Panthers zone.
2:56 of 1st overtime period - Shot by Vladimir Tarasenko.
2:56 of 1st overtime period - Stopped by Craig Anderson without a rebound.
2:57 of 1st overtime period - Jori Lehtera wins face-off versus Boone Jenner in Ducks zone.
3:50 of 1st overtime period - Shot by Patrick Kane.
3:50 of 1st overtime period - Stopped by Craig Anderson without a rebound.
3:51 of 1st overtime period - Brandon Dubinsky wins face-off versus Patrick Kane in Ducks zone.
3:56 of 1st overtime period - Danny DeKeyser is hit by Brandon Dubinsky.
Goals for this period are 0 for Panthers vs 0 for Ducks.
Shots for this period are 2 for Panthers vs 2 for Ducks.

ShootOut


5:00 of 1st overtime period - Penalty Shot by Vladimir Tarasenko for Panthers.
5:00 of 1st overtime period - Goal by Vladimir Tarasenko.
5:00 of 1st overtime period - Penalty Shot by Boone Jenner for Ducks.
5:00 of 1st overtime period - Stopped by Michael Hutchinson.
5:00 of 1st overtime period - Penalty Shot by Patrick Kane for Panthers.
5:00 of 1st overtime period - Shot Misses the Net.
5:00 of 1st overtime period - Penalty Shot by Wayne Simmonds for Ducks.
5:00 of 1st overtime period - Shot Misses the Net.
5:00 of 1st overtime period - Penalty Shot by Pavel Datsyuk for Panthers.
5:00 of 1st overtime period - Shot Misses the Net.
5:00 of 1st overtime period - Penalty Shot by Jarome Iginla for Ducks.
5:00 of 1st overtime period - Shot Misses the Net.